 Dungeon Crawl Stone Soup version 0.25.1-2-g60ff931df9 (webtiles) character file.

Game seed: 17680306467165105352

54 ytrimaz the Skirmisher (level 3, -1/35 HPs)
             Began as a Minotaur Berserker on Sept 30, 2020.
             Was a Believer of Trog.
             Slain by Sigmund
             ... wielding a cursed -2 scythe
              (5 damage)
             ... on level 2 of the Dungeon.
             The game lasted 00:02:33 (1780 turns).

ytrimaz the Skirmisher (Minotaur Berserker)         Turns: 1780, Time: 00:02:34

Health: -1/35      AC:  3    Str: 22    XL:     3   Next: 66%
Magic:  2/2        EV: 12    Int:  4    God:    Trog [**....]
Gold:   127        SH:  0    Dex:  9    Spells: 2/2 levels left

rFire    . . .     SeeInvis .   a - +0 hand axe
rCold    . . .     Gourm    .   (no shield)
rNeg     . . .     Faith    .   i - +0 leather armour
rPois    .         Spirit   .   (helmet restricted)
rElec    .         Reflect  .   (no cloak)
rCorr    .         Harm     .   (no gloves)
MR       .....                  (no boots)
Stlth    ..........             (no amulet)
HPRegen  0.11/turn              (no ring)
MPRegen  0.08/turn              (no ring)

@: confused, berserk cooldown, slowed, very slow
A: retaliatory headbutt, horns 2
a: Berserk, Trog's Hand, Renounce Religion


You were on level 2 of the Dungeon.
You worshipped Trog.
Trog was pleased with you.
You were hungry.

You visited 1 branch of the dungeon, and saw 2 of its levels.

You collected 127 gold pieces.

Inventory:

Hand Weapons
 a - a +0 hand axe (weapon)
Armour
 b - a +0 animal skin
 i - a +0 leather armour (worn)
 k - a +0 cloak
Potions
 d - 2 potions of lignification
 e - a potion of resistance {unknown}
 g - a potion of brilliance {unknown}
Comestibles
 c - 5 rations
 h - a chunk of flesh


   Skills:
 * Level 4.9 Fighting
 + Level 4.2 Axes
 * Level 2.9 Armour
 - Level 2.1 Dodging


You had 2 spell levels left.
You didn't know any spells.
Your spell library was empty.

Dungeon Overview and Level Annotations

Branches:
Dungeon (2/15)

Altars:

Annotations:
D:2 Sigmund


Innate Abilities, Weirdness & Mutations

You reflexively headbutt those who attack you in melee.
You have a pair of horns on your head.


Message History

You slash something!
You hear some strange, mumbled words.
You are confused.
You miss something.
You hear some strange, mumbled words.
A magic dart appears from out of thin air!
The magic dart hits you.
* * * LOW HITPOINT WARNING * * *
Unknown command.
Something completely misses you.
You feel a strong urge to attack something.
You see here a +0 club.
You are no longer berserk.
You are exhausted.
You feel yourself slow down.
You see here a quokka corpse.
Something hits you but does no damage.
You see here a +0 club.
You bump into the rock wall.
Something hits you.
You die...

.. #. #.# #..###.# #.#
#.#...# #. #.# .....#
#.##.#
#...########.#.(#####
...#...........>....
#...######.#.#####÷
#{†# #...# #.
##.@########..######
#.........#..##.....
#..................#
#...................
#...................
#.................#.
#...................
)............###.#...
##.!.........#........


There were no monsters in sight!

Vanquished Creatures
  An ooze (D:1)
  A worm (D:2)
  2 dart slugs (D:1)
  A leopard gecko (D:1)
  A giant cockroach (D:2)
  5 hobgoblins (D:1)
  4 jackals (D:2)
  2 kobolds
  A quokka (D:2)
  A ball python (D:1)
  6 bats
  A frilled lizard (D:2)
  8 goblins
  3 rats
37 creatures vanquished.

Notes
Turn   | Place    | Note
-------+----------+-------------------------------------------
     0 | D:1      | ytrimaz the Minotaur Berserker began the quest for the Orb.
     0 | D:1      | Reached XP level 1. HP: 19/19 MP: 0/0
    47 | D:1      | Reached XP level 2. HP: 27/27 MP: 1/1
   926 | D:1      | Reached XP level 3. HP: 22/34 MP: 2/2
  1373 | D:2      | Reached ** piety under Trog
  1754 | D:2      | Noticed Sigmund
  1780 | D:2      | Slain by Sigmund

Illustrated notes

Levels and vault maps discovered:
D:1:      erik_arrival_cave_to_civilisation [erik_arrival_cave_to_hall],
          layout_basic
D:2:      layout_rooms, uniq_sigmund

Skill      XL: |  1  2 |
---------------+-------+-----
Fighting       | 4 |  4.9
Axes           | 4 |  4.2
Armour         | |  2.9
Dodging        | |  2.1

Action                   || total
-------------------------++-------
Melee: Hand axe          ||    80
       Headbutt          ||    17
       Unarmed           ||    27
Invok: Berserk           ||     1
  Use: Potion            ||     2
       Scroll            ||     1
  Eat: Chunk             ||     3
Armor: Animal skin       ||     9
       Leather armour    ||    26
Dodge: Dodged            ||    80
